 Dungeon Sprint DCSS version 0.29.1-12-g30fa7ad0bf (webtiles) character file.

Game seed: 14210718824013323057

488797 Groucho the Conqueror (level 20, 236/236 HPs)
             Began as a Naga Fighter on Dec 30, 2022.
             Was the Champion of Cheibriados.
             Escaped with the Orb!
             The game lasted 00:32:42 (10378 turns).

Groucho the Conqueror (Naga Fighter)               Turns: 10378, Time: 00:32:43

Health: 236/236    AC: 55    Str: 41    XL:     20   Next: 0%
Magic:  49/50      EV: 18    Int: 26    God:    Cheibriados [******]
Gold:   897        SH: 40    Dex: 34    Spells: 71/71 levels left

rFire   + + +      SeeInvis +   a - +6 shillelagh "Devastator" {shatter}
rCold   + + .      Faith    .   c - +18 shield of the Gong {rElec rN+ Will+ EV-5}
rNeg    + + .      Spirit   .   k - +12 gold dragon scales
rPois   +          Reflect  .   (no helmet)
rElec   +          Harm     .   Q - +0 cloak {Will+}
rCorr   +          Rampage  .   w - +0 pair of gloves {Dex+3}
Will    +++++      NoTele   +   Y - +3 barding {Stlth+}
Stlth   ..........              N - amulet of Sunlight {Acrobat +Blink rF++}
HPRegen 0.49/turn               C - ring "Oklogon" {rPois rC+ rN+ Will+ rCorr}
MPRegen 0.32/turn               L - ring of Devigg {Str+6 Dex+4}

@: studying 4 skills, very slow
A: AC +6, large, see invisible, deformed body, poison resistance, slowness 2,
spit poison 1, naga tail 2, dopey 2, inability to drink after injury 1,
inability to read after injury 1
0: Orb of Zot
a: Spit Poison, Renounce Religion, Evoke Blink, Bend Time, Temporal Distortion,
Slouch, Step From Time


You escaped.
You worshipped Cheibriados.
Cheibriados was exalted by your worship.
You visited 1 branch You collected 897 gold pieces.

Inventory:

Hand Weapons
 a - the +6 shillelagh "Devastator" (weapon) {shatter}
   (You found it in the Dungeon)

   It releases a powerful concussive burst when it strikes, dealing extra damage
   to the target and all other foes adjacent to them.
Armour
 b - the +15 Maxwell's patent armour {-Cast -Tele rElec Will+ rCorr}
   (You found it in the Dungeon)

   rElec:     It insulates you from electricity.
   -Cast:     It prevents spellcasting.
   -Tele:     It prevents most forms of teleportation.
   rCorr:     It protects you from acid and corrosion.
   Will:      It increases your willpower.
 c - the +18 shield of the Gong (worn) {rElec rN+ Will+ EV-5}
   (You found it in the Dungeon)

   It is deafeningly noisy when blocking attacks.
   EV:        It affects your evasion (-5).
   rElec:     It insulates you from electricity.
   rN:        It protects you from negative energy.
   Will:      It increases your willpower.
 g - the +0 barding "Butael" {rElec Int+4 Stlth+}
   (You acquired it in the Dungeon)

   Int:       It affects your intelligence (+4).
   rElec:     It insulates you from electricity.
   Stlth:     It makes you more stealthy.
 k - +12 gold dragon scales (worn)
 w - a +0 pair of gloves of dexterity (worn)
 Q - a +0 cloak of willpower (worn)
 Y - a +3 barding of stealth (worn)
Jewellery
 y - the ring of the Skies Above {+Blink Fly MP+9 Dex+6 Stlth-}
   (You took it off a meliai in the Dungeon)

   [ring of magical power]

   Dex:       It affects your dexterity (+6).
   MP:        It affects your magic capacity (+9).
   Fly:       It grants you flight.
   +Blink:    It lets you blink.
   Stlth:     It makes you less stealthy.
 z - the amulet of the Air {Inacc Air Fly rElec RMsl}
   (You found it in the Dungeon)

   [amulet of nothing]

   It reduces the accuracy of all your attacks.
   It enhances your air magic.
   rElec:     It insulates you from electricity.
   Fly:       It grants you flight.
   RMsl:      It protects you from missiles.
 A - the ring of Betseul {Wiz Dex+3}
   (You found it in the Dungeon)

   [ring of wizardry]

   It improves your spell success rate.
   Dex:       It affects your dexterity (+3).
 B - a ring of willpower
 C - the ring "Oklogon" (left hand) {rPois rC+ rN+ Will+ rCorr}
   (You found it in the Dungeon)

   [ring of positive energy]

   rC:        It protects you from cold.
   rPois:     It protects you from poison.
   rN:        It protects you from negative energy.
   rCorr:     It protects you from acid and corrosion.
   Will:      It increases your willpower.
 E - the ring "Ozxayrot" {rPois EV+4 Str+6 SInv}
   (You found it in the Dungeon)

   [ring of evasion]

   EV:        It affects your evasion (+4).
   Str:       It affects your strength (+6).
   rPois:     It protects you from poison.
   SInv:      It lets you see invisible.
 F - the ring "Liwn" {rPois Int+7}
   (You took it off an efreet in the Dungeon)

   [ring of poison resistance]

   Int:       It affects your intelligence (+7).
   rPois:     It protects you from poison.
 G - an amulet of faith
 J - a ring of the Octopus King {HP+2 AC+2 EV+2 SH+2 SInv}
   (You found it in the Dungeon)

   [ring of see invisible]

   AC:        It affects your AC (+2).
   EV:        It affects your evasion (+2).
   HP:        It affects your health (+2).
   SInv:      It lets you see invisible.
   SH:        It affects your SH (+2).
 K - a ring of protection from cold
 L - the ring of Devigg (right hand) {Str+6 Dex+4}
   (You found it in the Dungeon)

   [ring of strength]

   Str:       It affects your strength (+6).
   Dex:       It affects your dexterity (+4).
 N - the amulet of Sunlight (around neck) {Acrobat +Blink rF++}
   (You found it in the Dungeon)

   [amulet of the acrobat]

   It increases your evasion while moving and waiting.
   rF:        It greatly protects you from fire.
   +Blink:    It lets you blink.
 S - an amulet of regeneration
 U - the ring "Esasog" {rPois Str+5 Int+3}
   (You found it in the Dungeon)

   [ring of poison resistance]

   Str:       It affects your strength (+5).
   Int:       It affects your intelligence (+3).
   rPois:     It protects you from poison.
 V - the ring of the Blind Eye {rC++ Int+6}
   (You took it off a crimson imp in the Dungeon)

   [ring of intelligence]

   Int:       It affects your intelligence (+6).
   rC:        It greatly protects you from cold.
 W - the ring "Qoasuato" {*Slow Fly Dex+8}
   (You found it in the Dungeon)

   [ring of flight]

   Dex:       It affects your dexterity (+8).
   Fly:       It grants you flight.
   *Slow:     It may slow you when you take damage.
 X - the ring of Xom's Entertainment {rN+ EV+4 Str+3 Int+3 Dex+4}
   (You found it in the Dungeon)

   [ring of evasion]

   EV:        It affects your evasion (+4).
   Str:       It affects your strength (+3).
   Int:       It affects your intelligence (+3).
   Dex:       It affects your dexterity (+4).
   rN:        It protects you from negative energy.
Wands
 t - a wand of mindburst (5)
 u - a wand of iceblast (7)
 v - a wand of light (7)
 D - a wand of flame (31)
Scrolls
 j - 3 scrolls of blinking
 l - 4 scrolls of amnesia
 m - 7 scrolls of fog
 n - 5 scrolls of identify
 o - 2 scrolls of fear
 x - 12 scrolls of brand weapon
 H - 4 scrolls of enchant weapon
Potions
 d - 10 potions of might
 e - 10 potions of curing
 f - 22 potions of heal wounds
 h - a potion of magic
 i - 3 potions of berserk rage
 p - 2 potions of brilliance
 q - a potion of invisibility
 r - 4 potions of resistance


   Skills:
 O Level 27 Fighting
 * Level 6.3 Maces & Flails
 O Level 27 Armour
 + Level 19.8 Dodging
 + Level 26.3 Shields
 + Level 26.0 Spellcasting
 - Level 15.8 Invocations


You had 71 spell levels left.
You didn't know any spells.
Your spell library contained the following spells:

 Spells                   Type           Power      Damage    Failure   Level
 Beastly Appendage        Tmut           66%        N/A       3%          1
 Foxfire                  Conj/Fire      100%       2x1d9     3%          1
 Freeze                   Ice            100%       1d11      3%          1
 Magic Dart               Conj           100%       1d8       3%          1
 Necrotise                Necr           100%       1d9       3%          1
 Sandblast                Erth           66%        2d15      3%          1
 Shock                    Conj/Air       100%       1d9       3%          1
 Slow                     Hex            100%       N/A       3%          1
 Sting                    Tmut/Pois      100%       1d8       3%          1
 Summon Small Mammal      Summ           100%       N/A       3%          1
 Blink                    Tloc           66%        N/A       4%          2
 Call Imp                 Summ           33%        N/A       4%          2
 Ensorcelled Hibernation  Hex/Ice        66%        N/A       4%          2
 Passwall                 Tmut/Erth      27%        N/A       4%          2
 Poisonous Vapours        Pois/Air       66%        N/A       4%          2
 Scorch                   Fire           66%        2d8       4%          2
 Searing Ray              Conj           66%        2d6       4%          2
 Static Discharge         Conj/Air       33%        3-8/arc   4%          2
 Sublimation of Blood     Necr           33%        N/A       4%          2
 Wereblood                Tmut           33%        N/A       4%          2
 Call Canine Familiar     Summ           33%        N/A       10%         3
 Confusing Touch          Hex            33%        N/A       10%         3
 Conjure Flame            Conj/Fire      33%        6-21      10%         3
 Dazzling Flash           Conj/Hex       66%        N/A       10%         3
 Frozen Ramparts          Ice            66%        1d10      10%         3
 Gell's Gravitas          Tloc           33%        N/A       10%         3
 Ignite Poison            Fire/Tmut/Pois 33%        N/A       10%         3
 Inner Flame              Hex/Fire       33%        N/A       10%         3
 Lesser Beckoning         Tloc           33%        N/A       10%         3
 Mephitic Cloud           Conj/Pois/Air  33%        N/A       10%         3
 Ozocubu's Armour         Ice            33%        N/A       10%         3
 Spider Form              Tmut/Pois      33%        N/A       10%         3
 Stone Arrow              Conj/Erth      66%        3d11      10%         3
 Summon Guardian Golem    Hex/Summ       33%        N/A       10%         3
 Swiftness                Air            33%        N/A       10%         3
 Teleport Other           Tloc           33%        N/A       10%         3
 Tukima's Dance           Hex            33%        N/A       10%         3
 Vampiric Draining        Necr           33%        2d8       10%         3
 Airstrike                Air            16%        2d(3-19)  30%         4
 Anguish                  Hex/Necr       16%        N/A       30%         4
 Animate Armour           Summ/Erth      66%        N/A       30%         4
 Animate Dead             Necr           33%        N/A       30%         4
 Cause Fear               Hex            16%        N/A       30%         4
 Corpse Rot               Necr/Pois/Air  33%        N/A       30%         4
 Dispel Undead            Necr           33%        3d14      30%         4
 Flame Wave               Conj/Fire      33%        2d10      30%         4
 Fulminant Prism          Conj/Hex       16%        3d11      30%         4
 Hailstorm                Conj/Ice       33%        3d8       30%         4
 Ice Form                 Ice/Tmut       33%        N/A       30%         4
 Iskenderun's Mystic Bla  Conj/Tloc      33%        2d8       30%         4
 Leda's Liquefaction      Hex/Erth       16%        N/A       30%         4
 Olgreb's Toxic Radiance  Pois           33%        N/A       30%         4
 Passage of Golubria      Tloc           33%        N/A       30%         4
 Petrify                  Tmut/Erth      33%        N/A       30%         4
 Summon Ice Beast         Ice/Summ       33%        N/A       30%         4
 Summon Lightning Spire   Summ/Air       33%        N/A       30%         4
 Agony                    Necr           33%        N/A       65%         5
 Alistair's Intoxication  Tmut/Pois      22%        N/A       65%         5
 Blade Hands              Tmut           16%        N/A       65%         5
 Borgnjor's Vile Clutch   Necr/Erth      16%        N/A       65%         5
 Fireball                 Conj/Fire      16%        3d8       65%         5
 Irradiate                Conj/Tmut      16%        3d17      65%         5
 Iskenderun's Battlesphe  Conj           33%        2d9       65%         5
 Lee's Rapid Deconstruct  Erth           16%        3d11*     65%         5
 Lightning Bolt           Conj/Air       16%        1d30      65%         5
 Manifold Assault         Tloc           33%        N/A       65%         5
 Metabolic Englaciation   Hex/Ice        16%        N/A       65%         5
 Silence                  Hex/Air        16%        N/A       65%         5
 Summon Forest            Summ/Tloc      16%        N/A       65%         5
 Summon Mana Viper        Hex/Summ       33%        N/A       65%         5
 Yara's Violent Unravell  Hex/Tmut       16%        3d8       65%         5
 Conjure Ball Lightning   Conj/Air       16%        3x3d6     99%         6
 Death Channel            Necr           16%        N/A       99%         6
 Dispersal                Tloc           16%        N/A       99%         6
 Eringya's Noxious Bog    Tmut/Pois      16%        N/A       99%         6
 Iron Shot                Conj/Erth      16%        9d4       99%         6
 Simulacrum               Ice/Necr       16%        N/A       99%         6
 Starburst                Conj/Fire      16%        6d6       99%         6
 Statue Form              Tmut/Erth      22%        N/A       99%         6
 Summon Cactus Giant      Summ           16%        N/A       99%         6
 Dragon Form              Tmut           16%        N/A       100%        7
 Enfeeble                 Hex            16%        N/A       100%        7
 Haunt                    Necr/Summ      16%        N/A       100%        7
 Malign Gateway           Summ/Tloc      16%        N/A       100%        7
 Monstrous Menagerie      Summ           16%        N/A       100%        7
 Orb of Destruction       Conj           16%        9d7       100%        7
 Ozocubu's Refrigeration  Ice            16%        4d11      100%        7
 Spellforged Servitor     Conj/Summ      16%        N/A       100%        7
 Storm Form               Tmut/Air       16%        N/A       100%        7
 Summon Hydra             Summ           16%        N/A       100%        7
 Discord                  Hex            16%        N/A       100%        8
 Disjunction              Tloc           16%        N/A       100%        8
 Ignition                 Fire           16%        3d7       100%        8
 Infestation              Necr           16%        N/A       100%        8
 Lehudib's Crystal Spear  Conj/Erth      16%        10d5      100%        8
 Maxwell's Capacitive Co  Air            16%        ∞         100%        8
 Necromutation            Tmut/Necr      16%        N/A       100%        8
 Summon Horrible Things   Summ           16%        N/A       100%        8
 Chain Lightning          Conj/Air       16%        3d22      100%        9
 Death's Door             Necr           16%        N/A       100%        9
 Fire Storm               Conj/Fire      16%        8d4       100%        9
 Shatter                  Erth           16%        3d16*     100%        9


Dungeon Overview and Level Annotations

Branches:
Dungeon (1/1)

Altars:
Ashenzari
Cheibriados
Dithmenos
Elyvilon
Fedhas
Gozag
Hepliaklqana
Kikubaaqudgha
Makhleb
Nemelex Xobeh
Okawaru
Qazlal
Ru
Sif Muna
Trog
Uskayaw
Vehumet
Wu Jian
Xom
Yredelemnul
Zin
The Shining One
Jiyva
Lugonu


Innate Abilities, Weirdness & Mutations

Your serpentine skin is tough. (AC +6)
You have supernaturally acute eyesight. (SInv)
Armour fits poorly on your strangely shaped body.
Your system is resistant to poisons. (rPois)
You cover ground very slowly.
You can spit poison.
You can use your snake-like lower body to constrict enemies.
You are very dopey. (Int -4)
You occasionally lose the ability to drink potions when taking damage.
You occasionally lose the ability to read scrolls when taking damage.


Message History

The profane servitor is moderately damaged.
You constrict the profane servitor!
You block the profane servitor's attack.
BOUMMMMG!
The profane servitor misses you.
You bludgeon the profane servitor!!
The profane servitor shudders.
The profane servitor is heavily damaged.
You constrict the profane servitor!
The profane servitor hits you but does no damage. x2
You block the profane servitor's attack.
BONNNG!
The profane servitor misses you.
You sock the profane servitor!
The profane servitor shudders.
The profane servitor is severely damaged. x2
You constrict the profane servitor!!
You block the profane servitor's attack.
BOUMMMMG!
You block the profane servitor's attack.
BONNNG!
You block the profane servitor's attack.
PANG!
The profane servitor hits you but does no damage.
Unknown command.
You sock the profane servitor!
The profane servitor shudders.
The profane servitor is almost destroyed. x2
You constrict the profane servitor!!
You destroy the profane servitor!
Cheibriados thoroughly appreciates the change of pace.
Your Maces & Flails skill increases to level 5!
You have mastered Armour!
Your Spellcasting skill increases to level 26!
You have reached level 19!
Unknown command.
You feel more experienced!
Your Maces & Flails skill increases to level 6!
You have reached level 20!
You feel agile.
Okay, then.
There is a staircase leading out of the dungeon, spattered with blood here.
You have escaped!

.).~~..).)~.▓.............▓...8©8
..)..~)).~..▓..▓.......▓..▓....).
.~)).~)~).~~▓.............▓...||.
.~~~...~.~..▓.............▓......
~...~~))....▓......©......▓..)...
.~.~)..~~..~▓▓▓▓▓▓▓▓▓▓▓▓▓▓▓......
~.~~~~..)..~▓8888888888888▓......
▓.~~~..~▓...▓8....)......8▓......
~~~~~.~~.~~~▓8..@...).©..8▓.▓....
~~~~~.~~.~~~▓8.)....)....8▓....©.
~~~.©...~.~.▓8888888888888▓▓▓▓▓▓▓
▓▓▓▓▓▓▓▓▓▓▓▓▓▓▓▓▓▓▓▓▓▓▓▓▓▓▓▓▓▓▓▓▓
.....8©8........▓........8©8.....
[}.||).}))}}=|}.▓.:}..|.).)}....|
)[::[[:.}).)[|..▓.|[:))).:[).[=).
:=)[.}))=[))))).▓.}[.||}:[)=)[||)
................▓.......:))[|....


There were no monsters in sight!

Vanquished Creatures
  A pandemonium lord (D)
  A profane servitor (D)
  5 golden dragons (D)
  3 bone dragons (D)
  2 Tzitzimimeh (D)
  5 doom hounds (D)
  2 liches (D)
  A tainted leviathan (D)
  A Hell Sentinel (D)
  6 quicksilver dragons (D)
  8 acid blobs (D)
  3 tentacled starspawn (D)
  2 krakens (D)
  11 shadow dragons (D)
  2 emperor scorpions (D)
  4 orc warlords (D)
  8 azure jellies (D)
  6 rockslimes (D)
  2 balrugs (D)
  5 iron dragons (D)
  3 ghouls (D)
  4 ghost moths (D)
  2 reapers (D)
  10 stone giants (D)
  A broodmother (D)
  2 quicksilver oozes (D)
  5 putrid mouths (D)
  A dire elephant (D)
  A black draconian (D)
  3 fire dragons (D)
  3 merfolk javelineers (D)
  A green death (D)
  5 merfolk impalers (D)
  3 great orbs of eyes (D)
  8 vault guards (D)
  11 hydras (D)
  2 boulder beetles (D)
  A radroach (D)
  A jorogumo (D)
  9 ice dragons (D)
  2 spriggan air magi (D)
  2 merfolk aquamancers (D)
  3 merfolk avatars (D)
  6 thrashing horrors (D)
  A spriggan berserker (D)
  2 orc high priests (D)
  8 soul eaters (D)
  A sun moth (D)
  A wretched star (D)
  2 pharaoh ants (D)
  7 sun demons (D)
  3 sixfirhies (D)
  A sea snake (D)
  4 steelbarb worms (D)
  5 swamp dragons (D)
  2 spriggan druids (D)
  7 death drakes (D)
  4 glowing orange brains (D)
  8 large abominations (D)
  3 orc knights (D)
  2 orb spiders (D)
  4 wolf spiders (D)
  An orc sorcerer (D)
  A worldbinder (D)
  4 shining eyes (D)
  A cyclops (D)
  A manticore (D)
  5 moths of wrath (D)
  A water nymph (D)
  2 black mambas (D)
  A toenail golem (D)
  A rust devil (D)
  A torpor snail (D)
  An elephant (D)
  10 cane toads (D)
  6 smoke demons (D)
  4 eyes of devastation (D)
  An orange demon (D)
  3 demonic crawlers (D)
  3 rime drakes (D)
  7 komodo dragons (D)
  An efreet (D)
  2 unseen horrors (shapeshifter) (D)
  A hellion (D)
  3 yaktaurs (D)
  2 unseen horrors (D)
  A red devil (D)
  An ancient zyme (D)
  A wind drake (D)
  A hornet (shapeshifter) (D)
  6 merfolk (D)
  3 meliai (D)
  2 trolls (D)
  A wind drake (shapeshifter) (D)
  13 hornets (D)
  4 tarantellas (D)
  A raiju (D)
  19 slime creatures (D)
  4 blink frogs (D)
  2 snapping turtles (D)
  A dream sheep (D)
  6 jumping spiders (D)
  A culicivora (D)
  Sigmund (D)
  A flying skull (D)
  2 spriggans (shapeshifter) (D)
  A water elemental (D)
  A wraith (D)
  5 spriggans (D)
  4 ynoxinuls (D)
  5 wyverns (D)
  5 yaks (D)
  A basilisk (shapeshifter) (D)
  A golden eye (D)
  5 starcursed masses (D)
  5 basilisks (D)
  2 fire bats (D)
  A chaos spawn (D)
  A neqoxec (D)
  5 redbacks (D)
  3 wargs (D)
  5 acid dragons (D)
  9 water moccasins (D)
  3 floating eyes (D)
  3 swamp drakes (D)
  13 orc warriors (D)
  3 black bears (D)
  7 small abominations (D)
  A sky beast (D)
  4 ogres (D)
  A wolf (D)
  3 centaurs (D)
  3 bullfrogs (D)
  10 scorpions (D)
  7 crimson imps (D)
  A quasit (D)
  8 jellies (D)
  4 iron imps (D)
  An orc priest (D)
  Jessica (D)
  5 orc wizards (D)
  2 shadow imps (D)
  4 white imps (D)
  2 adder zombies (D)
  2 orcs (D)
  3 bat skeletons (D)
  5 bat zombies (D)
  3 endoplasms (D)
  2 ball python skeletons (D)
  4 ball python zombies (D)
  A giant cockroach zombie (D)
  A jackal zombie (D)
  3 quokka skeletons (D)
  2 quokka zombies (D)
537 creatures vanquished.

Vanquished Creatures (others)
  3 Ice Fiends (D)
  A cacodemon (D)
  A demonspawn corrupter (D)
  2 starcursed masses (D)
  2 smoke demons (D)
  A red devil (D)
  2 large abominations (D)
  2 ynoxinuls (D)
  A wight (D)
  3 small abominations (D)
  An iron imp (D)
  A shadow imp (D)
  4 starspawn tentacles (D)
  20 tentacles (D)
44 creatures vanquished.

Grand Total: 581 creatures vanquished

Notes
Turn   | Place    | Note
-------+----------+-------------------------------------------
     0 | D        | Groucho the Naga Fighter began the quest for the Orb.
     0 | D        | Reached XP level 1. HP: 21/21 MP: 1/1
     6 | D        | Found a blossoming altar of Fedhas.
     7 | D        | Found an opulent altar of Gozag.
     7 | D        | Found a hazy altar of Hepliaklqana.
     7 | D        | Found a viscous altar of Jiyva.
     7 | D        | Found a transporter.
     9 | D        | Became a worshipper of Cheibriados the Contemplative
    11 | D        | Found an ancient bone altar of Kikubaaqudgha.
    12 | D        | Found the +6 Majin-Bo {vamp, MP+6 Int+6}
    12 | D        | Found the +9 heavy crossbow "Sniper" {vorpal, Acc+∞ SInv}
    12 | D        | Found the +10 dark maul {vorpal}
    12 | D        | Found the +15 Maxwell's patent armour {-Cast -Tele rElec
                  | Will+ rCorr}
    12 | D        | Found the +18 shield of the Gong {rElec rN+ Will+ EV-5}
    12 | D        | Found the +14 obsidian axe {vorpal, Mesm Drain Fly SInv}
    13 | D        | Found a corrupted altar of Lugonu.
    13 | D        | Found the +7 great mace "Firestarter" {inner flame, rF++}
    13 | D        | Found the +6 shillelagh "Devastator" {shatter}
    13 | D        | Found the +11 plutonium sword {Contam Stlth-}
    13 | D        | Found the +8 lance "Wyrmbane" {slay drac, rPois rF+ rC+
                  | AC+3}
    13 | D        | Found the +9 sword of Zonguldrok {reap}
    13 | D        | Found the +13 scythe of Curses {drain, Drain}
    13 | D        | Found the +5 sword of Power {vorpal}
    13 | D        | Found the +7 mace of Variability {chain chaos}
    13 | D        | Found the +7 Singing Sword {vorpal, sonic wave}
    13 | D        | Found the +8 storm bow {elec, penet}
    16 | D        | Found a burning altar of Makhleb.
    17 | D        | Found a sacrificial altar of Ru.
    17 | D        | Found a stormy altar of Qazlal.
    17 | D        | Found a shimmering blue altar of Sif Muna.
    17 | D        | Found an iron altar of Okawaru.
    17 | D        | Found a bloodstained altar of Trog.
    17 | D        | Found a sparkling altar of Nemelex Xobeh.
    77 | D        | Entered arena 2.
    77 | D        | Noticed Sigmund
    77 | D        | Noticed Jessica
    77 | D        | Found a transporter.
    79 | D        | Killed Jessica
    80 | D        | Reached XP level 2. HP: 17/30 MP: 1/4
    80 | D        | Reached XP level 3. HP: 21/36 MP: 1/5
    81 | D        | Killed Sigmund
    82 | D        | Reached skill level 5 in Fighting
    82 | D        | Reached skill level 5 in Shields
    82 | D        | Reached XP level 4. HP: 29/48 MP: 1/9
    82 | D        | Reached XP level 5. HP: 33/55 MP: 1/10
   405 | D        | Entered arena 3.
   405 | D        | Noticed a slime creature
   405 | D        | Noticed a slime creature
   405 | D        | Found a transporter.
   410 | D        | Reached * piety under Cheibriados
   423 | D        | Killed a slime creature
   424 | D        | Reached skill level 5 in Armour
   424 | D        | Reached XP level 6. HP: 28/63 MP: 10/13
   426 | D        | Killed a slime creature
   426 | D        | Reached ** piety under Cheibriados
   427 | D        | Reached skill level 10 in Invocations
   427 | D        | Reached XP level 7. HP: 32/72 MP: 10/14
   711 | D        | Got the Compilation of Friendly Blight
   718 | D        | Entered arena 4.
   718 | D        | Noticed a jumping spider
   718 | D        | Found a transporter.
   722 | D        | Reached *** piety under Cheibriados
   733 | D        | Killed a jumping spider
   734 | D        | Reached XP level 8. HP: 82/82 MP: 10/16
   953 | D        | Entered arena 5.
   953 | D        | Found the +3 pair of seven-league boots {Rampage+∞}
   953 | D        | Noticed a yaktaur
   953 | D        | Found a transporter.
   958 | D        | Reached **** piety under Cheibriados
   959 | D        | Killed a yaktaur
   967 | D        | Got the Compilation of Battle Magic
  1143 | D        | Entered arena 6.
  1143 | D        | Noticed a tarantella
  1143 | D        | Noticed a jumping spider
  1143 | D        | Found a transporter.
  1145 | D        | Killed a jumping spider
  1145 | D        | Reached ***** piety under Cheibriados
  1145 | D        | Killed a tarantella
  1146 | D        | Reached XP level 9. HP: 92/92 MP: 12/19
  1300 | D        | Entered arena 7.
  1300 | D        | Noticed a tarantella
  1301 | D        | Killed a tarantella
  1301 | D        | Reached ****** piety under Cheibriados
  1302 | D        | Reached skill level 10 in Fighting
  1302 | D        | Found a transporter.
  1310 | D        | Got the Octavo of Transformed Superposition
  1422 | D        | Entered arena 8.
  1422 | D        | Noticed an unseen horror
  1422 | D        | Noticed a hornet
  1422 | D        | Noticed a yaktaur
  1422 | D        | Noticed an unseen horror
  1422 | D        | a blink frog changed into an unseen horror
  1422 | D        | a yaktaur changed into a spriggan
  1423 | D        | Killed a hornet
  1423 | D        | Killed an unseen horror
  1423 | D        | Killed an unseen horror
  1424 | D        | Reached skill level 10 in Shields
  1424 | D        | Reached skill level 15 in Invocations
  1424 | D        | Reached XP level 10. HP: 103/103 MP: 15/21
  1425 | D        | Found a transporter.
  1559 | D        | Entered arena 9.
  1559 | D        | Noticed a worldbinder
  1560 | D        | Killed a worldbinder
  1562 | D        | Found a transporter.
  1576 | D        | Got the ring of Devigg {Str+6 Dex+4}
  1698 | D        | Entered arena 10.
  1698 | D        | Noticed a spriggan rider
  1698 | D        | Noticed a spriggan rider
  1700 | D        | Reached skill level 5 in Spellcasting
  1701 | D        | Reached skill level 10 in Armour
  1701 | D        | Found a transporter.
  1725 | D        | Entered arena 11.
  1727 | D        | Found a transporter.
  1771 | D        | Entered arena 12.
  1771 | D        | Found the amulet of the Air {Inacc Air Fly rElec RMsl}
  1771 | D        | Noticed a spriggan druid
  1771 | D        | Noticed a seven-headed hydra
  1772 | D        | Noticed a black mamba
  1772 | D        | Found the +4 moon troll leather armour {Spirit, Regen++
                  | MP+5}
  1772 | D        | Noticed a spriggan druid
  1773 | D        | Killed a spriggan druid
  1773 | D        | Killed a black mamba
  1773 | D        | Killed a spriggan druid
  1774 | D        | Reached XP level 11. HP: 115/115 MP: 16/23
  1776 | D        | Killed a seven-headed hydra
  1912 | D        | Found a transporter.
  1919 | D        | Got the amulet "Doelir" {Reflect Harm SH+5 Stlth+}
  1945 | D        | Entered arena 13.
  1945 | D        | Noticed a thrashing horror
  1945 | D        | Noticed a thrashing horror
  1945 | D        | Noticed a large abomination
  1945 | D        | Noticed a large abomination
  1945 | D        | Noticed a bone dragon
  1947 | D        | Killed a thrashing horror
  1947 | D        | Killed a thrashing horror
  1948 | D        | Killed a large abomination
  1948 | D        | Killed a large abomination
  1949 | D        | Reached skill level 10 in Spellcasting
  1959 | D        | Killed a bone dragon
  1960 | D        | Reached XP level 12. HP: 80/127 MP: 15/27
  1961 | D        | Found a transporter.
  1978 | D        | Got the ring "Oklogon" {rPois rC+ rN+ Will+ rCorr}
  2089 | D        | Entered arena 14.
  2090 | D        | Noticed a spriggan berserker
  2090 | D        | Noticed a spriggan air mage
  2090 | D        | Noticed a spriggan air mage
  2090 | D        | Noticed an eight-headed hydra
  2092 | D        | Killed a spriggan air mage
  2092 | D        | Killed a spriggan air mage
  2093 | D        | Killed a spriggan berserker
  2094 | D        | Killed an eight-headed hydra
  2252 | D        | Found a transporter.
  2258 | D        | Got the ring of Henotheism {rC+ rCorr Dex+3}
  2278 | D        | Entered arena 15.
  2279 | D        | Noticed an emperor scorpion
  2279 | D        | Noticed a radroach
  2279 | D        | Noticed a ghost moth
  2279 | D        | Noticed a boulder beetle
  2283 | D        | Killed a ghost moth
  2284 | D        | Reached skill level 15 in Fighting
  2284 | D        | Killed a boulder beetle
  2284 | D        | Killed an emperor scorpion
  2285 | D        | Killed a radroach
  2286 | D        | Gained mutation: You can use your snake-like lower body to
                  | constrict enemies. [Naga growth]
  2286 | D        | Reached XP level 13. HP: 87/139 MP: 8/31
  2560 | D        | Found a transporter.
  2577 | D        | Got the amulet of Sunlight {Acrobat +Blink rF++}
  2579 | D        | Got the ring "Gaenupt" {Fly Will+ Str+6 Int+5}
  2643 | D        | Entered arena 16.
  2644 | D        | Noticed a stone giant
  2644 | D        | Noticed a vault guard
  2644 | D        | Noticed a vault guard
  2644 | D        | Noticed a vault guard
  2644 | D        | Noticed a lich
  2644 | D        | Noticed a vault guard
  2644 | D        | Noticed a vault guard
  2644 | D        | Noticed a stone giant
  2644 | D        | Noticed a vault guard
  2644 | D        | Identified the ring of Nikar {rPois Int+6 Slay+2}
  2644 | D        | Noticed a vault guard
  2644 | D        | Noticed a stone giant
  2645 | D        | Noticed a vault guard
  2648 | D        | Killed a vault guard
  2648 | D        | Killed a vault guard
  2648 | D        | Killed a vault guard
  2648 | D        | Killed a vault guard
  2648 | D        | Killed a vault guard
  2648 | D        | Killed a vault guard
  2648 | D        | Killed a vault guard
  2649 | D        | Reached skill level 15 in Spellcasting
  2649 | D        | Killed a vault guard
  2649 | D        | Killed a lich
  2649 | D        | Killed a stone giant
  2649 | D        | Killed a stone giant
  2649 | D        | Killed a stone giant
  2650 | D        | Reached skill level 15 in Shields
  2843 | D        | Found a transporter.
  2876 | D        | Entered arena 17.
  2879 | D        | Noticed an azure jelly
  2879 | D        | Noticed a great orb of eyes
  2879 | D        | Noticed a rockslime
  2881 | D        | Killed a rockslime
  2882 | D        | Reached skill level 1 in Dodging
  2882 | D        | Killed an azure jelly
  2882 | D        | Killed a great orb of eyes
  2885 | D        | Gained mutation: You occasionally lose the ability to read
                  | scrolls when taking damage. [a shining eye]
  3168 | D        | Found a transporter.
  3179 | D        | Got the Incunable of Quantum Lightning
  3338 | D        | Entered arena 18.
  3344 | D        | Reached XP level 14. HP: 153/153 MP: 23/35
  3352 | D        | Found a transporter.
  3390 | D        | Entered arena 19.
  3393 | D        | Noticed an acid blob
  3393 | D        | Noticed a rockslime
  3393 | D        | Noticed a rockslime
  3393 | D        | Noticed an azure jelly
  3393 | D        | Paralysed by a floating eye for 2 turns
  3394 | D        | Noticed an acid blob
  3395 | D        | Killed a rockslime
  3395 | D        | Killed a rockslime
  3395 | D        | Noticed a rockslime
  3396 | D        | Reached skill level 15 in Armour
  3396 | D        | Reached skill level 5 in Dodging
  3396 | D        | Killed an azure jelly
  3396 | D        | Noticed an acid blob
  3397 | D        | Killed an acid blob
  3397 | D        | Killed a rockslime
  3397 | D        | Killed an acid blob
  3399 | D        | Killed an acid blob
  3671 | D        | Noticed an acid blob
  3671 | D        | Noticed an azure jelly
  3674 | D        | Killed an azure jelly
  3674 | D        | Killed an acid blob
  3780 | D        | Found a transporter.
  3794 | D        | Got the ring "Esasog" {rPois Str+5 Int+3}
  3801 | D        | Got the ring "Qudyiry" {Drain rF+ Str+4 Int+6 Slay+3}
  3811 | D        | Entered arena 20.
  3816 | D        | Noticed a tentacled starspawn
  3816 | D        | Identified the ring of the Blind Eye {rC++ Int+6}
  3816 | D        | Noticed a lich
  3819 | D        | Killed a lich
  3820 | D        | Killed a tentacled starspawn
  4028 | D        | Found a transporter.
  4037 | D        | Got the Volume of Hubris
  4043 | D        | Got Dousabb's Spellbook of the Crypt
  4099 | D        | Entered arena 21.
  4103 | D        | Noticed a dire elephant
  4104 | D        | Found the +8 whip "Snakebite" {venom, curare, rPois}
  4108 | D        | Reached XP level 15. HP: 166/166 MP: 21/37
  4347 | D        | Found the +10 zealot's sword {holy, *Rage rN+ EV+3}
  4348 | D        | Found a transporter.
  4360 | D        | Got the amulet "Upoff" {Faith Harm rF++ Int+5}
  4382 | D        | Got the ring "Qoasuato" {*Slow Fly Dex+8}
  4392 | D        | Entered arena 22.
  4397 | D        | Noticed a kraken
  4397 | D        | Found the +3 greatsling "Punk" {acid, rCorr}
  4400 | D        | Identified the +1 fire dragon scales of the Shining Light
                  | {Rampage rElec rF++ rC- Dex+3}
  4402 | D        | Killed a kraken
  4403 | D        | Reached skill level 10 in Dodging
  4411 | D        | Noticed a kraken
  4780 | D        | Found a transporter.
  4792 | D        | Killed a kraken
  4795 | D        | Got the Almanac of the Helpful Mountains
  4820 | D        | Got Otucey's Almanac of Meteoric Contamination
  4822 | D        | Got the ring of Xom's Entertainment {rN+ EV+4 Str+3 Int+3
                  | Dex+4}
  4841 | D        | Entered arena 23.
  4847 | D        | Noticed an azure jelly
  4847 | D        | Noticed a rockslime
  4847 | D        | Noticed an acid blob
  4847 | D        | Noticed a rockslime
  4849 | D        | Killed a rockslime
  4849 | D        | Killed a rockslime
  4849 | D        | Gained mutation: You are dopey. (Int -2) [a shining eye]
  4850 | D        | Killed an azure jelly
  4850 | D        | Killed an acid blob
  4850 | D        | Gained mutation: You occasionally lose the ability to drink
                  | potions when taking damage. [a shining eye]
  4853 | D        | Noticed an acid blob
  4853 | D        | Noticed an azure jelly
  4853 | D        | Noticed an azure jelly
  4853 | D        | Noticed an acid blob
  4853 | D        | Noticed an acid blob
  4853 | D        | Found the +7 captain's cutlass {speed, disarm}
  4854 | D        | Noticed an azure jelly
  4854 | D        | Noticed an azure jelly
  4856 | D        | Killed an acid blob
  4856 | D        | Killed an azure jelly
  4856 | D        | Killed an azure jelly
  4856 | D        | Killed an acid blob
  4857 | D        | Gained mutation: You are very dopey. (Int -4) [a shining
                  | eye]
  4858 | D        | Killed an acid blob
  4858 | D        | Killed an azure jelly
  4859 | D        | Reached XP level 16. HP: 138/182 MP: 19/40
  4860 | D        | Killed an azure jelly
  4861 | D        | Found the +7 Spriggan's Knife {stab, EV+4 Stlth+}
  4906 | D        | Found a transporter.
  4926 | D        | Got the ring "Uvvah" {*Corrode rPois rC+ Will+ Stlth+}
  4949 | D        | Got the ring "Zeehibaa" {rF+ Will+ Str-5 Int+3 Dex+4}
  4954 | D        | Got the amulet of Circularity {Acrobat Harm rPois rCorr}
  4975 | D        | Entered arena 24.
  4990 | D        | Found a transporter.
  5000 | D        | Got Noxtomp's Volume of the Charming Tesseract
  5141 | D        | Entered arena 25.
  5148 | D        | Identified the +5 plate armour of Liberalism {rCorr}
  5151 | D        | Identified the ring of the Skies Above {+Blink Fly MP+9
                  | Dex+6 Stlth-}
  5479 | D        | Found a transporter.
  5490 | D        | Got the ring "Dawiom" {rPois rF+}
  5520 | D        | Got the amulet of Jiciuf {Faith Drain +Inv rPois Slay+3}
  5532 | D        | Got Ucimotif's Guidebook on Dark Rituals and the Excursion
  5534 | D        | Got the amulet "Zujav" {Spirit rC+ Int+3}
  5620 | D        | Acquired the +0 barding "Butael" {rElec Int+4 Stlth+}
  5625 | D        | Entered arena 26.
  5634 | D        | Noticed a doom hound
  5634 | D        | Noticed a shadow dragon
  5634 | D        | Noticed a doom hound
  5634 | D        | Noticed a shadow dragon
  5634 | D        | Noticed a shadow dragon
  5634 | D        | Noticed a doom hound
  5634 | D        | Noticed a bone dragon
  5634 | D        | Noticed a shadow dragon
  5634 | D        | Noticed a bone dragon
  5634 | D        | Noticed a shadow dragon
  5634 | D        | Noticed a shadow dragon
  5635 | D        | Noticed a Tzitzimitl
  5636 | D        | Noticed a doom hound
  5637 | D        | Killed a doom hound
  5637 | D        | Killed a doom hound
  5637 | D        | Noticed a doom hound
  5638 | D        | Reached skill level 15 in Dodging
  5638 | D        | Reached XP level 17. HP: 183/196 MP: 28/43
  5638 | D        | Killed a doom hound
  5639 | D        | Killed a doom hound
  5639 | D        | Noticed a tainted leviathan
  5640 | D        | Killed a Tzitzimitl
  5640 | D        | Killed a doom hound
  5646 | D        | Noticed a Tzitzimitl
  5647 | D        | Killed a bone dragon
  5651 | D        | Killed a Tzitzimitl
  5651 | D        | Killed a bone dragon
  5652 | D        | Killed a tainted leviathan
  6886 | D        | Found a transporter.
  6898 | D        | Got the ring of Nobility {Wiz Int+3 SInv}
  6908 | D        | Got the ring of Egalitarianism {Str+6 Dex-2 Slay+4}
  6917 | D        | Got the Almanac of the Bloody Inferno
  6926 | D        | Got the Compilation of Grim Assembling
  6938 | D        | Got the ring "Riulog" {rF+ SInv}
  6943 | D        | Got the ring of Betseul {Wiz Dex+3}
  6955 | D        | Got the ring of Xom's Full Attention {rPois rN+ Will-
                  | Int+6}
  7033 | D        | Entered arena 27.
  7041 | D        | Noticed a Hell Sentinel
  7041 | D        | Noticed a tentacled starspawn
  7042 | D        | Noticed Bouboer the pandemonium lord
  7045 | D        | Killed a tentacled starspawn
  7046 | D        | Killed Bouboer the pandemonium lord
  7046 | D        | Identified the ring "Liwn" {rPois Int+7}
  7048 | D        | Killed a Hell Sentinel
  7048 | D        | Noticed a tentacled starspawn
  7050 | D        | Found the +7 great mace "Undeadhunter" {disrupt, rN+}
  7050 | D        | Found the ring of the Octopus King {HP+2 AC+2 EV+2 SH+2
                  | SInv}
  7050 | D        | Found the +5 robe of Misfortune {Harm *Corrode *Slow EV+5}
  7052 | D        | Killed a tentacled starspawn
  7053 | D        | Reached XP level 18. HP: 119/212 MP: 2/46
  7054 | D        | Found a transporter.
  7275 | D        | Got the Codex of the Vexing Quarry
  7287 | D        | Got the ring "Ozxayrot" {rPois EV+4 Str+6 SInv}
  7318 | D        | Got a ring of the Octopus King {HP+2 AC+2 EV+2 SH+2 SInv}
  7372 | D        | Entered arena 28.
  7381 | D        | Noticed a quicksilver dragon
  7381 | D        | Found the +8 orange crystal plate armour {Archmagi, Int+3
                  | Clar}
  7381 | D        | Noticed a golden dragon
  7381 | D        | Noticed a quicksilver dragon
  7382 | D        | Noticed a quicksilver dragon
  7382 | D        | Noticed a golden dragon
  7382 | D        | Noticed a quicksilver dragon
  7382 | D        | Noticed a quicksilver dragon
  7382 | D        | Noticed a golden dragon
  7383 | D        | Noticed a golden dragon
  7384 | D        | Noticed a quicksilver dragon
  7384 | D        | Killed a quicksilver dragon
  7384 | D        | Killed a quicksilver dragon
  7384 | D        | Killed a quicksilver dragon
  7385 | D        | Killed a quicksilver dragon
  7385 | D        | Killed a quicksilver dragon
  7385 | D        | Killed a quicksilver dragon
  7386 | D        | Killed a golden dragon
  7387 | D        | Killed a golden dragon
  7387 | D        | Killed a golden dragon
  7387 | D        | Killed a golden dragon
  7389 | D        | Noticed a golden dragon
  7396 | D        | Killed a golden dragon
  7399 | D        | Reached skill level 27 in Fighting
  7401 | D        | Found a transporter.
  7559 | D        | Got the ring "Pueduxza" {Fly Int+4}
  7657 | D        | Got the Orb of Zot
  9712 | D        | Acquired 897 gold pieces
  9803 | D        | Killed an Ice Fiend
 10364 | D        | Noticed a profane servitor
 10373 | D        | Killed a profane servitor
 10374 | D        | Reached skill level 5 in Maces & Flails
 10374 | D        | Reached skill level 27 in Armour
 10374 | D        | Reached XP level 19. HP: 223/226 MP: 47/49
 10374 | D        | Reached XP level 20. HP: 233/236 MP: 47/50
 10378 | D        | Escaped with the Orb!

Illustrated notes

Levels and vault maps discovered:
D:        sprint_v [room_start, room_1, room_2, room_3, room_4, room_5, room_6,
          room_7, room_8, room_9, room_10, room_11, room_12, room_13, room_14,
          room_15, room_16, room_17, room_18, room_19, room_20, room_21,
          room_22, room_23, room_24, room_25, room_26, room_27]

Skill      XL: |  1  2  3  4  5  6  7  8  9 10 11 12 13 14 15 16 17 18 19 |
---------------+----------------------------------------------------------+-----
Armour         | 3 4 5 6 8 9 10 11 13 14 16 18 21 24 27 | 27.0
Shields        | 3 5 6 7 8 10 11 12 14 15 17 19 22 24 26 | 26.3
Invocations    | 3 7 9 10 11 13 15 | 15.8
Fighting       | 5 6 7 8 9 10 12 13 15 17 19 21 23 25 27 | 27.0
Spellcasting   | 8 11 14 17 18 20 22 24 26 | 26.0
Dodging        | 4 9 12 15 17 19 | 19.8
Maces & Flails | 5 6 |  6.3

Action                   |  1- 3 |  4- 6 |  7- 9 | 10-12 | 13-15 | 16-18 | 19-21 || total
-------------------------+-------+-------+-------+-------+-------+-------+-------++-------
Melee: Shillelagh        |     3 |    17 |    14 |     7 |    14 |    33 |       ||    88
       Constrict         |       |       |       |       |     4 |     8 |       ||    12
Invok: Bend Time         |       |       |     2 |       |       |       |       ||     2
       Slouch            |       |       |     3 |    24 |    53 |    51 |       ||   131
Evoke: Wand              |       |       |       |       |     2 |       |       ||     2
  Use: Potion            |     1 |       |       |     2 |     1 |     3 |     1 ||     8
       Scroll            |       |       |       |       |       |    11 |       ||    11
Armor: Plate armour      |     1 |     4 |    16 |    21 |    24 |    11 |       ||    77
       Gold dragon scale |       |       |       |       |       |    52 |       ||    52
Dodge: Dodged            |       |       |       |       |    11 |    56 |       ||    67
Block: Kite shield       |     2 |    31 |    35 |    52 |    67 |   142 |       ||   329
